 Dungeon Crawl Stone Soup version 0.20-a0-443-g0464b71 (webtiles) character file.

156 Leszczynek the Skirmisher (level 5, -9/47 HPs)
             Began as a Barachian Wanderer on Jan 6, 2017.
             Was an Initiate of Gozag.
             Engulfed by a cloud of flame (10 damage)
             ... on level 3 of the Dungeon.
             The game lasted 00:08:18 (2759 turns).

Leszczynek the Skirmisher (Barachian Wanderer)      Turns: 2759, Time: 00:08:19

Health: -9/47      AC: 11    Str: 13    XL:     5   Next: 37%
Magic:  8/8        EV:  9    Int: 15    God:    Gozag
Gold:   322        SH:  6    Dex:  9    Spells: 8/8 levels left

rFire  . . .     SeeInvis .     u - +0 whip
rCold  . . .     Gourm    .     i - +2 scale mail
rNeg   . . .     Faith    .     o - +2 buckler
rPois  .         Spirit   .     p - +2 helmet
rElec  .         Reflect  .     (no cloak)
rCorr  .         Harm     .     (no gloves)
MR     .....                    (no boots)
Stlth  ..........               (no amulet)
                                (no ring)
                                (no ring)

@: brilliant, gold aura, slow
A: swims, robust 1, slowness 1, strong legs 1
a: Hop, Potion Petition, Call Merchant, Bribe Branch, Renounce Religion


You were on level 3 of the Dungeon.
You worshipped Gozag.
Gozag was aware of your devotion.
You were not hungry.

You visited 1 branch of the dungeon, and saw 3 of its levels.

You collected 349 gold pieces.
You paid 27 gold pieces to Gozag.

Inventory:

Hand Weapons
 a - a +0 short sword
 j - a cursed -2 dagger
 u - a +0 whip (weapon)
Missiles
 e - 4 curare-tipped needles
Armour
 f - a +2 scale mail of magic resistance
 h - a +0 ring mail of cold resistance
 i - a +2 scale mail (worn)
 o - a +2 buckler (worn)
 p - a +2 helmet (worn)
Scrolls
 m - 2 scrolls of remove curse {@r2}
Potions
 g - a potion of degeneration {unknown}
 l - a potion of brilliance
Comestibles
 d - 2 bread rations
 t - 2 meat rations


   Skills:
 - Level 4.3 Fighting
 * Level 1.9 Maces & Flails
 - Level 1.1 Armour
 - Level 3.4 Dodging
 - Level 1.0 Stealth
 + Level 2.4 Shields
 - Level 2.0 Spellcasting
   Level 1.0 Hexes
   Level 1.0 Evocations


You had 8 spell levels left.
You didn't know any spells.

Dungeon Overview and Level Annotations

Branches:
Dungeon (3/15)

Altars:
Fedhas
Gozag
Vehumet


Innate Abilities, Weirdness & Mutations

You can swim through water.
You cover ground slowly.
You can hop short distances.
You are robust. (+10% HP)


Message History

The orc wizard gestures at you while chanting.
The puff of frost hits you!
The orc wizard looks encouraged for a moment.
The orc wizard gestures wildly while chanting.
The orc wizard seems to speed up.
The orc wizard casts a spell at you. The puff of flame misses you.
There is a stone staircase leading down here.
You block the orc wizard's attack.
You hit the orc wizard.
The orc wizard is heavily wounded.
The orc wizard closely misses you.
The orc wizard hits you but does no damage.
You hit the orc wizard.
The orc wizard explodes!
The fiery explosion engulfs you!
* * * LOW HITPOINT WARNING * * *
You are engulfed in roaring flames.
You die...
Your body crumbles into a pile of gold.

#### ...# ...# ...# ...####
......# ...##.############
..............§§@#####
...###.######.##§..$.# ...#
#o##......#.....#
######.##......#.....#
........#......#.....########
........#......#...$.[......#
...............#.....######.#
........#......#.....# #.#
...).....#.##........# #.#


There were no monsters in sight!

Vanquished Creatures
  An orc wizard (D:3)
  Robin (D:2)
  5 adders
  2 worms (D:2)
  A dart slug (D:1)
  2 leopard geckos
  6 bats
  4 giant cockroaches
  13 goblins
  7 hobgoblins
  4 jackals (D:2)
  3 quokkas (D:3)
  3 frilled lizards
  2 kobolds (D:1)
  10 rats
64 creatures vanquished.

Notes
Turn   | Place    | Note
-------+----------+-------------------------------------------
     0 | D:1      | Leszczynek the Barachian Wanderer began the quest for the Orb.
     0 | D:1      | Leszczynek set off with: a +2 scale mail, a +0 shortbow, 24 arrows, a bread ration, the Almanac of the Rocks
     0 | D:1      | Reached XP level 1. HP: 20/20 MP: 3/3
     0 | D:1      | time to check out the new thing
     0 | D:1      | stats: 13/9/8 (+7/+3/+2)
     1 | D:1      | jesus, +7 str and still only 13
     1 | D:1      | Identified the Almanac of the Rocks
    63 | D:1      | Reached skill level 1 in Dodging
   167 | D:1      | Reached XP level 2. HP: 26/26 MP: 5/5
   262 | D:1      | Reached skill level 2 in Dodging
   890 | D:1      | Reached XP level 3. HP: 31/31 MP: 6/6
   953 | D:2      | crap
  1091 | D:2      | Found an opulent altar of Gozag.
  1106 | D:2      | hmmm
  1106 | D:2      | well, why not
  1106 | D:2      | Became a worshipper of Gozag Ym Sagoz the Greedy
  1124 | D:2      | Noticed Robin
  1143 | D:2      | Reached skill level 3 in Dodging
  1174 | D:2      | Killed Robin
  1357 | D:2      | Reached XP level 4. HP: 38/38 MP: 7/7
  1488 | D:2      | Reached skill level 1 in Shields
  1698 | D:2      | Found a radiant altar of Vehumet.
  1982 | D:2      | Found a blossoming altar of Fedhas.
  2259 | D:2      | Reached skill level 2 in Shields
  2575 | D:3      | Reached XP level 5. HP: 40/43 MP: 8/8
  2595 | D:3      | Reached skill level 1 in Maces & Flails
  2737 | D:3      | Gained mutation: You are robust. (+10% HP) [potion of beneficial mutation]
  2759 | D:3      | HP: 1/47 [orc wizard/exploding inner flame[the player character] (23)]
  2759 | D:3      | Engulfed by a cloud of flame

Vault maps used:
D:1:      moated_graveyard_arrival, minmay_misc_feat_chi
D:2:      marbit_many_paths, nicolae_overflow_crystal_walls, first_bread,
          grunt_gozag_breadcrumbs, uniq_robin
D:3:      lemuel_doored_altar

Skill      XL: |  1  2  3  4  5 |
---------------+----------------+-----
Dodging        | 1 2 3 |  3.4
Shields        | 2 |  2.4
Maces & Flails | 1 |  1.9
Fighting       | |  4.3
Armour         | |  1.1
Stealth        | |  1.0
Spellcasting   | |  2.0
Hexes          | |  1.0
Evocations     | |  1.0

Action                   |  1- 3 |  4- 6 || total
-------------------------+-------+-------++-------
Melee: Short sword       |    94 |   224 ||   318
       Hand axe          |    12 |       ||    12
       Whip              |       |     9 ||     9
 Fire: Shortbow          |    33 |       ||    33
  Use: Scroll            |       |     3 ||     3
       Potion            |       |     3 ||     3
 Stab: Distracted        |       |     1 ||     1
  Eat: Chunk             |     2 |       ||     2
       Fruit             |       |     3 ||     3
       Bread ration      |       |     1 ||     1
Armor: Scale mail        |    70 |   121 ||   191
Dodge: Dodged            |    49 |   108 ||   157
Block: Buckler           |       |    58 ||    58
